 Dungeon Crawl Stone Soup version 0.22.1-1-ga44c0e5 (webtiles) character file.

43 Heatsaber the Sneak (level 3, 0/16 HPs)
             Began as a Vine Stalker Enchanter on Sept 28, 2018.
             Succumbed to an adder's poison
             ... on level 2 of the Dungeon.
             The game lasted 00:16:28 (1809 turns).

Heatsaber the Sneak (Vine Stalker Enchanter)        Turns: 1809, Time: 00:16:28

Health: 0/16       AC:  2    Str: 15    XL:     3   Next: 58%
Magic:  1/8        EV: 17    Int: 16    God:
Gold:   49         SH:  0    Dex: 19    Spells: 4/7 levels left

rFire    . . .     SeeInvis .   a - +1 dagger
rCold    . . .     Gourm    .   (no shield)
rNeg     . . .     Faith    .   b - +0 robe
rPois    .         Spirit   +   (no helmet)
rElec    .         Reflect  .   (no cloak)
rCorr    .         Harm     .   (no gloves)
MR       .....                  (no boots)
Stlth    ++++......             (no amulet)
HPRegen  0.05/turn              (no ring)
MPRegen  0.11/turn              (no ring)

@: mighty, agile, lethally poisoned (0 -> -12)
A: fangs 2, magic shield, antimagic bite, no potion heal 3, rot immunity
a: no special abilities


You were on level 2 of the Dungeon.
You were hungry.

You visited 1 branch of the dungeon, and saw 2 of its levels.

You collected 49 gold pieces.

Inventory:

Hand Weapons
 a - a +1 dagger (weapon)
Armour
 b - a +0 robe (worn)
 c - a +0 ring mail
Scrolls
 f - 2 scrolls of magic mapping {unknown}
 j - a scroll of identify {unknown}
 k - a scroll of teleportation {unknown}
 l - a scroll of blinking {unknown}
 m - a scroll of enchant armour {unknown}
Comestibles
 d - 5 rations


   Skills:
 + Level 1.8 Short Blades
 - Level 1.5 Dodging
 + Level 4.4 Stealth
 + Level 2.9 Spellcasting
 - Level 3.0 Hexes


You had 4 spell levels left.
You knew the following spells:

 Your Spells              Type           Power        Failure   Level  Hunger
a - Corona                Hex            ##.....      5%          1    #......
b - Ensorcelled Hibernat  Hex/Ice        #.....       16%         2    ##.....

Your spell library contained the following spells:

 Spells                   Type           Power        Failure   Level  Hunger
 Confuse                  Hex            ##......     17%         3    ###....
 Tukima's Dance           Hex            ##......     17%         3    ###....
 Dazzling Spray           Conj/Hex       #.....       30%         3    ###....


Dungeon Overview and Level Annotations

Branches:
Dungeon (2/15)

Altars:


Innate Abilities, Weirdness & Mutations

You have extremely sharp teeth.
When hurt, damage is shared between your health and your magic reserves.
Your bite disrupts and absorbs the magic of your enemies.
Potions cannot restore your health.
You are immune to rotting.


Message History

The adder misses you.
You barely miss the adder. Your bite misses the adder.
The adder is heavily wounded.
The adder bites you.
You miss the adder. Your bite misses the adder.
The adder is heavily wounded.
The adder bites you.
* * * LOW HITPOINT WARNING * * *
It was a potion of might.
You feel very mighty all of a sudden.
* * * LOW HITPOINT WARNING * * *
You feel sick. The adder closely misses you.
It was a potion of agility.
You feel agile all of a sudden. The adder bites you.
You are more poisoned.
The adder poisons you! The adder closely misses you.
You miss the adder. Your bite misses the adder.
The adder is heavily wounded.
You die...

.....## #....# ......#
###....# ......#
##......#
......#####.......#
....(....)........#
......#####.......#
......# #...(...#####
....(## #...##S##...##
....## #...##@#.....##
.#### #...##........# ..
#...##........#
#..########.#####...<...#
......................##
##.#####...######.....##
#.# #...### #.......#
#..##.### #.......# ##
#....# ####.......##


You could see an adder.

Vanquished Creatures
  An adder (D:2)
  A worm (D:2)
  2 leopard geckos
  4 goblins (D:1)
  3 hobgoblins
  2 quokkas (D:2)
  7 bats
  A frilled lizard (D:2)
  6 kobolds
  4 rats
31 creatures vanquished.

Notes
Turn   | Place    | Note
-------+----------+-------------------------------------------
     0 | D:1      | Heatsaber the Vine Stalker Enchanter began the quest for
                  | the Orb.
     0 | D:1      | Reached XP level 1. HP: 9/9 MP: 4/4
    95 | D:1      | Reached skill level 1 in Short Blades
   610 | D:1      | Reached XP level 2. HP: 13/13 MP: 6/6
   614 | D:1      | Learned a level 2 spell: Ensorcelled Hibernation
   755 | D:1      | Reached skill level 4 in Stealth
  1146 | D:2      | Reached XP level 3. HP: 15/16 MP: 1/8
  1809 | D:2      | Succumbed to an adder's poison

Skill      XL: |  1  2 |
---------------+-------+-----
Short Blades   | 1 |  1.8
Stealth        | 4 |  4.4
Dodging        | |  1.5
Spellcasting   | |  2.9
Hexes          | |  3.0

Action                   || total
-------------------------++-------
Melee: Dagger            ||    75
       Bite              ||     7
 Cast: Corona            ||     9
       Ensorcelled Hiber ||    26
  Use: Potion            ||     3
 Stab: Sleeping          ||    16
  Eat: Chunk             ||     4
Armor: Robe              ||    19
       Ring mail         ||     2
Dodge: Dodged            ||    69
